 Dungeon Crawl Stone Soup version 0.14-a0-3247-g5fd345f (webtiles) character file.

184 Psiweapon the Sneak (level 5, -2/28 HPs)
             Began as a Kobold Enchanter on Mar 12, 2014.
             Slain by an orc
             ... wielding a +2,+1 mace of protection
              (6 damage)
             ... on Level 3 of the Dungeon.
             The game lasted 00:10:42 (2397 turns).

Psiweapon the Sneak (Kobold Enchanter)              Turns: 2397, Time: 00:10:42

HP  -2/28        AC 10     Str  9      XL: 5   Next:  6%
MP   8/9         EV 15     Int 13      God:
Gold 81          SH  0     Dex 15      Spells:  3 memorised,  3 levels left

rFire  . . .     SeeInvis .     x - +1,+2 short sword (protect)
rCold  . . .     Clarity  .     b - +1 robe
rNeg   . . .     Conserve +     (no shield)
rPois  .         rCorr    .     r - +0 helmet
rElec  .         rRot     .     (no cloak)
SustAb . .       Spirit   .     h - +0 pair of gloves
rMut   .         Warding  .     (no boots)
Saprov + + .     Stasis   .     g - amulet of conservation
MR     .....                    (no ring)
                                (no ring)

@: not resistant to hostile enchantments, quite stealthy
A: disease resistance, carnivore 3, saprovore 2
a: no special abilities


You were on level 3 of the Dungeon.
You were very full.

You visited 1 branch of the dungeon, and saw 4 of its levels.

You collected 81 gold pieces.

Inventory:

Hand weapons
 a - a +1,+1 dagger
 x - a +1,+2 short sword of protection (weapon)
Missiles
 d - 11 darts (quivered)
 m - 39 bolts
 y - 2 darts of frost
Armour
 b - a +1 robe (worn)
 h - a +0 pair of gloves (worn)
 r - a +0 helmet (worn)
Comestibles
 f - 2 meat rations
 n - a honeycomb
 p - a chunk of ball python flesh
 t - 2 chunks of jackal flesh
 v - a chunk of rat flesh
 A - 3 chunks of worker ant flesh
 B - a rotting chunk of giant newt flesh
Scrolls
 j - a scroll of teleportation
 o - a scroll of enchant armour {unknown}
 q - a scroll of enchant weapon II {unknown}
 s - a scroll of blinking {unknown}
Jewellery
 e - an uncursed amulet of stasis
 g - an amulet of conservation (around neck)
 z - a -2 ring of dexterity
Potions
 i - a potion of restore abilities {unknown}
 k - a potion of heal wounds
 l - a potion of agility {unknown}
 u - 3 potions of curing
 w - a potion of magic
Books
 c - a book of Maledictions

   Spells                             Type                      Level
   *Corona                            Hexes                        1
   *Sure Blade                        Hexes/Charms                 2
   *Ensorcelled Hibernation           Hexes/Ice                    2
   Confuse                            Hexes                        3
   Enslavement                        Hexes                        4
   Invisibility                       Hexes                        6


   Skills:
 - Level 1.3 Short Blades
 - Level 1.3 Throwing
 - Level 2.5 Dodging
 + Level 4.8 Stealth
 - Level 2.0 Spellcasting
 + Level 4.4 Hexes


You had 3 spell levels left.
You knew the following spells:

 Your Spells              Type           Power        Failure   Level  Hunger
a - Corona                Hex            ##.....      6%          1    ##.....
b - Sure Blade            Hex/Chrm       #.........   17%         2    ###....
c - Ensorcelled Hibernat  Hex/Ice        #.....       17%         2    ###....


Dungeon Overview and Level Annotations

Branches:
Dungeon (4/15)
 Temple: D:4-7

Altars:
Ashenzari
Fedhas
Vehumet
Zin


Innate Abilities, Weirdness & Mutations

You recuperate from illness quickly.
You are small and have problems with some larger weapons.
You are carnivorous and can eat meat at any time.
You can eat rotten meat.


Message History

An orc comes into view. It is wielding a whip.
The orc priest invokes the aid of Beogh against you.
Something smites you!
You see here an oily green potion.
A goblin comes into view. It is wielding a dagger.
You hit the orc but do no damage. The orc hits you but does no damage.
You hit the orc.
The orc is lightly wounded.
You hit the orc but do no damage.
The orc is lightly wounded.
The orc closely misses you.
The orc priest invokes the aid of Beogh against you.
Something smites you!
* * * LOW HITPOINT WARNING * * *
An orc wizard comes into view. It is wielding a dagger.
The orc wizard shouts!
The goblin hits you but does no damage.
The orc priest hits you but does no damage.
The goblin hits you but does no damage. The orc hits you with a runed mace.
You die...

..#.##### .
........# #.#.#
#.#.###l#..##.#.#
#.#.# #.#..##.#.#
#.#.##.....#.o..###
#.................
######....##.....#
#.......#oo#
#.....##g@#
#..?..##o.#
#.....!...#
#.....###.#
##.....###.#
###..........#
#####......#######
.).........#
#####......#


You could see an orc priest, an orc wizard, 2 orcs and a goblin.

Vanquished Creatures
  A worker ant (D:3)
  2 adders (D:2)
  A giant mite (D:2)
  3 giant geckos
  A ball python (D:3)
  4 bats
  2 giant cockroaches
  6 goblins
  3 hobgoblins
  2 jackals (D:3)
  13 kobolds
  6 giant newts
  3 quokkas (D:2)
  8 rats
55 creatures vanquished.

Notes
Turn   | Place    | Note
--------------------------------------------------------------
     0 | D:1      | Psiweapon, the Kobold Enchanter, began the quest for the Orb.
     0 | D:1      | Reached XP level 1. HP: 10/10 MP: 3/3
   269 | D:1      | Reached XP level 2. HP: 12/15 MP: 2/4
   339 | D:1      | Learned a level 2 spell: Sure Blade
   478 | D:1      | Learned a level 2 spell: Ensorcelled Hibernation
   980 | D:2      | Reached XP level 3. HP: 19/19 MP: 6/6
  1109 | D:2      | Reached skill level 4 in Stealth
  1322 | D:2      | Reached XP level 4. HP: 22/24 MP: 2/7
  1784 | D:2      | Found a shattered altar of Ashenzari.
  1784 | D:2      | Found a radiant altar of Vehumet.
  1785 | D:2      | Found a glowing silver altar of Zin.
  2209 | D:3      | Found a blossoming altar of Fedhas.
  2328 | D:3      | Reached XP level 5. HP: 28/28 MP: 0/9
  2397 | D:3      | Slain by an orc

Action                   |  1- 3 |  4- 6 || total
-------------------------+-------+-------++-------
Melee: Dagger            |   110 |    32 ||   142
       Short sword       |       |    26 ||    26
Throw: Dart              |     2 |       ||     2
 Cast: Corona            |     5 |       ||     5
       Ensorcelled Hiber |     8 |    17 ||    25
       Sure Blade        |     1 |     2 ||     3
  Use: Potion            |     1 |       ||     1
       Scroll            |       |     7 ||     7
 Stab: Sleeping          |    11 |    17 ||    28
